 Dungeon Crawl Stone Soup version 0.26-a0-835-g8259106e14 (webtiles) character file.

Game seed: 7089621828141975040

88 Descartes the Covert (level 4, 0/21 HPs)
             Began as a Felid Delver on Nov 17, 2020.
             Slain by a water moccasin zombie (6 damage)
             ... in an ossuary.
             The game lasted 00:01:34 (750 turns).

Descartes the Covert (Felid Delver)                  Turns: 750, Time: 00:01:34

Health: 0/21       AC:  1    Str:  9    XL:     4   Next: 29%
Magic:  5/5        EV: 18    Int: 12    God:
Gold:   0          SH:  0    Dex: 17    Spells: 3/3 levels left
                                        Lives:  0   Deaths: 1

rFire    . . .     SeeInvis +     - Unarmed
rCold    . . .     Faith    .   (shield unavailable)
rNeg     . . .     Spirit   .   (armour unavailable)
rPois    .         Reflect  .   (helmet unavailable)
rElec    .         Harm     .   (cloak unavailable)
rCorr    .         Rampage  .   (gloves unavailable)
MR       .....                  (boots unavailable)
Stlth    +++++.....             (no amulet)
HPRegen  0.07/turn              (no ring)
MPRegen  0.09/turn              (no ring)

@: quick
A: very small, no armour, no weapons or thrown items, stealth, claws 1, fangs 3,
see invisible, speed 1, shaggy fur 1, sharp paws
a: no special abilities


You were in an ossuary.
You visited 1 branch of the dungeon, and saw 2 of its levels.
You also visited: Ossuary.

Inventory:

Wands
 e - a wand of digging (3)
 g - a wand of random effects (20)
Scrolls
 a - a scroll of fog
 b - a scroll of magic mapping
 c - a scroll of fear
Potions
 d - 3 potions of haste
 f - 2 potions of might {unknown}


   Skills:
 - Level 3.0 Fighting
 + Level 3.1 Dodging
 + Level 9.5 Stealth
 + Level 2.3 Unarmed Combat


You had 3 spell levels left.
You didn't know any spells.
Your spell library was empty.

Dungeon Overview and Level Annotations

Branches:
Dungeon (5/15)            Ossuary (1/1)
 Temple: D:4-7

Altars:


Innate Abilities, Weirdness & Mutations

You cannot wear armour.
You are incapable of wielding weapons or throwing items.
Your paws allow you to move quietly. (Stealth)
You have sharp claws.
You have razor-sharp teeth.
You have supernaturally acute eyesight. (SInv)
You cover ground quickly.
You are covered in fur. (AC +1)
Your sharp claws are effective at attacking unaware monsters.


Message History

You claw the water moccasin zombie!
The water moccasin zombie is severely damaged.
The adder zombie closely misses you. The orc zombie completely misses you.
The water moccasin zombie completely misses you.
You scratch the water moccasin zombie but do no damage.
The water moccasin zombie is severely damaged.
The adder zombie closely misses you.
The water moccasin zombie completely misses you.
The orc zombie completely misses you.
You scratch the water moccasin zombie but do no damage.
The water moccasin zombie is severely damaged.
The adder zombie completely misses you.
The water moccasin zombie closely misses you.
The orc zombie completely misses you. The adder zombie barely misses you.
You scratch the water moccasin zombie.
The water moccasin zombie is severely damaged.
The water moccasin zombie closely misses you.
The adder zombie misses you. The orc zombie closely misses you.
The water moccasin zombie bites you.
You die...

###################
#∩^^'..†'^^^.#...#.
#^.^#...#^..^#...'^
#..^#...#^..^'...#.
##@################


#ZZZ# #. #.Z.# #. #...# #. #...# #. ###+# ## #. #^ #^ You could see 2 adder
zombies, a water moccasin zombie and an orc zombie.

Vanquished Creatures
  A sky beast (D:5)
  2 big kobold zombies (Ossuary)
  A mummy (D:4)
  An ooze (D:4)
  An adder zombie (Ossuary)
  A giant cockroach (D:5)
  4 gnoll zombies (Ossuary)
  A hobgoblin zombie (Ossuary)
  2 kobold zombies (Ossuary)
  2 orc zombies (Ossuary)
16 creatures vanquished.

Notes
Turn   | Place    | Note
-------+----------+-------------------------------------------
     0 | D:5      | Descartes the Felid Delver began the quest for the Orb.
     0 | D:5      | Reached XP level 1. HP: 10/10 MP: 2/2
     6 | D:5      | Noticed a sky beast
    13 | D:5      | Killed a sky beast
    14 | D:5      | Reached skill level 9 in Stealth
    14 | D:5      | Reached XP level 2. HP: 14/14 MP: 3/3
    14 | D:5      | Reached XP level 3. HP: 17/17 MP: 4/4
    14 | D:5      | Reached XP level 4. HP: 21/21 MP: 5/5
   164 | D:4      | Found a sand-covered staircase.
   169 | Ossuary  | Entered an ossuary
   315 | Ossuary  | Reached XP level 5. HP: 14/24 MP: 6/6
   710 | Ossuary  | HP: 1/24 [big kobold zombie (3)]
   711 | Ossuary  | Slain by a kobold zombie
   712 | Ossuary  | Reached XP level 4. HP: -1/21 MP: 5/5
   750 | Ossuary  | Slain by a water moccasin zombie

Illustrated notes

Levels and vault maps discovered:
D:4:      layout_loops_corners, kennysheep_mini, nicolae_ossuary_entry_giza,
          serial_undead, serial_undead_a, serial_undead_b, serial_undead_a,
          serial_undead_b, serial_undead_d, st_stairs_3, kennysheep_slug_shrine
D:5:      cheibrodos_barr_body, layout_cave_pods,
          nicolae_overflow_hidden_temple, kennysheep_mini_moat, serial_shops,
          shop, st_stairs_3
Ossuary:  ossuary_tomb_2

Skill      XL: |  1  2  3  4 |
---------------+-------------+-----
Stealth        | 9 |  9.5
Dodging        | 3 |  3.1
Fighting       | |  3.0
Unarmed Combat | |  2.3

Action                   |  1- 3 |  4- 6 || total
-------------------------+-------+-------++-------
Melee: Unarmed           |     1 |    65 ||    66
       Bite              |       |    10 ||    10
       Punch             |       |     1 ||     1
 Stab: Sleeping          |     1 |     7 ||     8
Armor: Skin              |       |     2 ||     2
Dodge: Dodged            |       |    55 ||    55

Table legend: (Time is in decaauts)
 A = Elapsed time spent in this place.
 B = Non-inter-level travel time spent in this place.
 C = Inter-level travel time spent in this place.
 D = Time resting spent in this place.
 E = Time spent auto-exploring this place.
 F = Levels seen in this place.
 G = Mean time per level.
                   A        B        C        D        E       F      G
               +--------+--------+--------+--------+--------+-----+--------+
         Total |    705 |    697 |      8 |    262 |    321 |   3 |  235.0 |
       Dungeon |    137 |    129 |      8 |      0 |     97 |   2 |   68.5 |
       Ossuary |    568 |    568 |      0 |    262 |    223 |   1 |  568.0 |
               +--------+--------+--------+--------+--------+-----+--------+

Top non-repeatable levels by time:
 Ossuary: 568 daAuts
     D:5: 114 daAuts
     D:4: 22 daAuts
